Construct Section Command Post
Selects Indian Artillery Battlegroup
Construct Field Infirmary
Construct Platoon Command Post
Selects Gurkha Rifles Section
6-pounder Anti-tank Gun Team
6-pounder Anti-tank Gun Team
Selects Volunteer Infantry
Construct Company Command Post
Selects Artillery Saturation
Selects Off-map Airburst Barrage
Selects BL5.5 Artillery Emplacement
Unlock M3 Grant Medium Tanks
Construct Section Command Post